 Dungeon Crawl Stone Soup version 0.22-a0-231-g1b571ea (webtiles) character file.

60 Azzok the Skirmisher (level 3, 0/34 HPs)
             Began as a Deep Elf Fighter on Feb 20, 2018.
             Succumbed to an adder's poison
             ... on level 1 of the Dungeon.
             The game lasted 00:02:29 (1431 turns).

Azzok the Skirmisher (Deep Elf Fighter)             Turns: 1431, Time: 00:02:30

Health: 0/34       AC: 21    Str: 10 (13) XL:     3   Next: 82%
Magic:  5/5        EV:  2    Int: 12 (13) God:
Gold:   95         SH:  0    Dex: 11 (14) Spells: 2/2 levels left

rFire    . . .     SeeInvis .   m - +1 spear (flame)
rCold    . . .     Gourm    .   (no shield)
rNeg     + + +     Faith    .   (armour currently unavailable)
rPois    +         Spirit   .   (helmet currently unavailable)
rElec    .         Reflect  .   (cloak currently unavailable)
rCorr    .         Harm     .   (gloves currently unavailable)
MR       .....     NoTele   +   (boots currently unavailable)
Stlth    +.........             (no amulet)
HPRegen  0.11/turn              j - ring of wizardry
MPRegen  0.09/turn              (no ring)

@: lethally poisoned (0 -> -5), tree-form
A: no striking features
a: no special abilities


You were on level 1 of the Dungeon.
You were hungry.
You were a tree.
You visited 1 branch of the dungeon, and saw 2 of its levels.

You collected 95 gold pieces.

Inventory:

Hand Weapons
 a - a +0 rapier
 m - a +1 spear of flaming (weapon)
Missiles
 o - 16 arrows
Armour
 b - a +0 scale mail (melded)
 c - a +0 shield
 k - a +2 pair of boots (melded)
Jewellery
 j - a ring of wizardry (left branch)
Scrolls
 e - a scroll of noise {unknown}
 g - a scroll of remove curse {unknown}
 i - a scroll of amnesia {unknown}
 l - a scroll of immolation {unknown}
 n - a scroll of identify {unknown}
 p - 2 scrolls of fear {unknown}
 r - 2 scrolls of enchant armour {unknown}
Potions
 d - 2 potions of might
Comestibles
 f - 2 rations


   Skills:
 + Level 3.5 Fighting
 - Level 2.2 Short Blades
 - Level 2.6 Armour
 - Level 2.6 Shields


You had 2 spell levels left.
You didn't know any spells.

Dungeon Overview and Level Annotations

Branches:
Dungeon (2/15)

Altars:


Message History

Your roots penetrate the ground.
* * * LOW HITPOINT WARNING * * *
You feel sick.
Okay, then.
There is a lethal amount of poison in your body!
It was a potion of degeneration.
There was something very wrong with that liquid.
You feel weakened.
You feel dopey.
You feel clumsy.
There is a lethal amount of poison in your body!
There is a lethal amount of poison in your body!
There is a lethal amount of poison in your body!
There is a lethal amount of poison in your body!
There is a lethal amount of poison in your body!
* * * LOW HITPOINT WARNING * * *
You feel sick.
* * * LOW HITPOINT WARNING * * *
You feel sick.
* * * LOW HITPOINT WARNING * * *
You feel sick.
You die...

▒·▒▒▒·▒ ▒············
▒·▒▒▒·▒ ▒·▒··········
▒···▒·▒▒▒▒▒·▒··········
▒▒▒·········▒··········
▒·········▒··········
▒·······▒·▒·····)·▒▒▒
▒····················
▒▒▒▒▒▒▒·▒·····▒···▒····
▒·▒···♣·····▒········▒·
▒▒▒·▒·▒▒▒>···············
▒···▒·▒ ▒▒▒·▒·▒·······▒▒·
▒·▒·▒·▒▒▒▒▒·▒·▒▒▒··▒▒·▒▒·
▒·▒·÷···▒···▒······▒··▒▒·
▒·▒··▒▒·▒·▒▒▒▒▒▒▒·▒▒·▒▒▒·
▒····▒▒·▒·········▒▒)▒▒▒·
▒···▒▒▒'▒▒▒▒▒▒▒▒▒·······(
▒··········▒▒······(·····


There were no monsters in sight!

Vanquished Creatures
  3 adders
  2 dart slugs
  2 leopard geckos (D:1)
  A giant cockroach (D:2)
  6 hobgoblins (D:1)
  5 bats
  A frilled lizard (D:1)
  7 kobolds
  4 rats
31 creatures vanquished.

Notes
Turn   | Place    | Note
-------+----------+-------------------------------------------
     0 | D:1      | Azzok the Deep Elf Fighter began the quest for the Orb.
     0 | D:1      | Reached XP level 1. HP: 13/13 MP: 3/3
   132 | D:1      | Reached XP level 2. HP: 17/18 MP: 4/4
   887 | D:2      | Reached skill level 3 in Fighting
   891 | D:2      | Reached XP level 3. HP: 23/23 MP: 5/5
  1429 | D:1      | HP: 1/34 [poisoned by an adder]
  1431 | D:1      | Succumbed to an adder's poison

Vault maps used:
D:1:      giann_wishing_wells
D:2:      kennysheep_slug_shrine, nicolae_overflow_crystal_walls,
          serial_park_tiny_1

Skill      XL: |  1  2 |
---------------+-------+-----
Fighting       | 3 |  3.5
Short Blades   | |  2.2
Armour         | |  2.6
Shields        | |  2.6

Action                   || total
-------------------------++-------
Melee: Rapier            ||    34
       Spear             ||    84
  Use: Potion            ||     2
  Eat: Chunk             ||     1
Armor: Scale mail        ||    72
Dodge: Dodged            ||    51

Table legend:
 A = Spawn XP
 B = Non-spawn XP
 C = Spawn XP percentage of total XP
 D = Spawn monster count
 E = Non-spawn monster count
 F = Spawn count percentage of total count
 G = Total turns spent on level
                    A         B        C        D         E        F      G
               +---------+---------+-------+---------+---------+-------+---------
         Total |       0 |      87 |   0.0 |       0 |      31 |   0.0 |  1431
               +---------+---------+-------+---------+---------+-------+---------
           D:1 |       0 |      50 |   0.0 |       0 |      24 |   0.0 |   908
           D:2 |       0 |      37 |   0.0 |       0 |       7 |   0.0 |   523
               +---------+---------+-------+---------+---------+-------+---------
